 Dungeon Crawl Stone Soup version 0.30-a0-1157-g2cc9ac7196 (webtiles) character file.

Game seed: 25669517592908284

280 ryw the Cudgeller (level 6, -7/48 HPs)
             Began as a Mummy Fighter on Apr 25, 2023.
             Killed from afar by Ijyb (13 damage)
             ... with a bolt of dispelling energy
             ... on level 3 of the Dungeon.
             The game lasted 00:03:48 (2415 turns).

ryw the Cudgeller (Mummy Fighter)                   Turns: 2415, Time: 00:03:48

Health: -7/48      AC:  7    Str: 21    XL:     6   Next: 5%
Magic:  6/6        EV:  9    Int:  8    God:
Gold:   161        SH:  4    Dex: 11    Spells: 5/5 levels left

rFire   x . .        a - +1 flail
rCold   + . .        c - +0 buckler
rNeg    + + +        m - +0 scale mail
rPois   ∞            (no helmet)
rElec   .            (no cloak)
rCorr   .            (no gloves)
SInv    +            h - +0 pair of boots
Will    .....        (no amulet) Stlth
                     d - ring of see invisible
HPRegen 0.28/turn    (no ring)
MPRegen 0.10/turn

%: faith
@: no status effects
A: cold resistance 1, negative energy resistance 3, torment resistance 2, heat
vulnerability 1, in touch with death 1, no potions, faith
a: no special abilities


You were on level 3 of the Dungeon.
You visited 1 branch of the dungeon, and saw 3 of its levels.

You collected 161 gold pieces.

Inventory:

Hand Weapons
 a - a +1 flail (weapon)
 b - a +0 sling of flaming
Missiles
 e - 2 throwing nets
 l - a poisoned dart (quivered)
Armour
 c - a +0 buckler (worn)
 h - a +0 pair of boots (worn)
 m - a +0 scale mail (worn)
Jewellery
 d - a ring of see invisible (left hand)
Scrolls
 f - a scroll of immolation
 g - a scroll of magic mapping
 i - a scroll of noise {unknown}
 j - a scroll of teleportation
 k - a scroll of brand weapon {unknown}


   Skills:
 + Level 3.8 Fighting
 * Level 4.4 Maces & Flails
 + Level 0.1 Ranged Weapons
 + Level 3.1 Armour
 - Level 2.4 Shields


You had 5 spell levels left.
You didn't know any spells.
Your spell library contained the following spells:

 Spells                   Type           Power      Damage    Failure   Level
 Shock                    Conj/Air       0%         1d3       83%         1
 Poisonous Vapours        Pois/Air       0%         N/A       92%         2
 Mephitic Cloud           Conj/Pois/Air  0%         N/A       99%         3
 Swiftness                Air            0%         N/A       99%         3
 Airstrike                Air            0%         2d(0-16)  100%        4
 Leda's Liquefaction      Hex/Erth       0%         N/A       100%        4
 Summon Ice Beast         Ice/Summ       0%         N/A       100%        4
 Freezing Cloud           Conj/Ice/Air   0%         6-21      100%        5
 Yara's Violent Unravell  Hex/Tmut       0%         3d3       100%        5
 Simulacrum               Ice/Necr       0%         N/A       100%        6


Dungeon Overview and Level Annotations

Branches:
Dungeon (3/15)

Altars:

Annotations:
D:2 1 runed translucent door, Crazy Yiuf
D:3 Ijyb


Innate Abilities, Weirdness & Mutations

You are immune to poison.
Your flesh is cold resistant. (rC+)
You are immune to negative energy. (rN+++)
You are immune to unholy pain and torment.
You are vulnerable to heat. (rF-)
You are in touch with the powers of death.
You do not drink.
You have a special connection with the divine. (Faith)


Message History

You closely miss Ijyb. Ijyb hits you with a +0 club.
You barely miss Ijyb. Ijyb hits you but does no damage.
You hit Ijyb.
Ijyb is lightly wounded.
Ijyb barely misses you. x2
You closely miss Ijyb.
Ijyb is lightly wounded.
Ijyb hits you but does no damage.
Throw: 3 darts (poison)
Press: ? - help, Q - select action, (/) - cycle Shift-Dir - straight line, f - Ijyb
Aim: Ijyb, wielding a +0 club, wearing a +0 chain mail and carrying a wand of quicksilver (6) (lightly wounded, 56% to hit)
You throw a poisoned dart. The poisoned dart hits Ijyb.
Ijyb is poisoned.
Ijyb is lightly wounded.
Ijyb hits you but does no damage.
You closely miss Ijyb.
Ijyb is lightly wounded.
Ijyb hits you but does no damage.
You closely miss Ijyb.
Ijyb is moderately wounded.
Ijyb zaps a wand.
The bolt of dispelling energy hits you!
Throw: 2 darts (poison)
Press: ? - help, Q - select action, (/) - cycle Shift-Dir - straight line, f/p - Ijyb
Aim: Ijyb, wielding a +0 club, wearing a +0 chain mail and carrying a wand of quicksilver (5) (moderately wounded, poisoned, 56% to hit)
You throw a poisoned dart. The poisoned dart hits Ijyb.
Ijyb looks even sicker.
Ijyb is moderately wounded.
Ijyb zaps a wand.
The bolt of dispelling energy hits you!
* * * LOW HITPOINT WARNING * * *
You sock Ijyb!
Ijyb is severely wounded.
Ijyb barely misses you.
You closely miss Ijyb.
Ijyb is severely wounded.
Ijyb hits you with a +0 club.
* * * LOW HITPOINT WARNING * * *
Ijyb hits you with a +0 club.
* * * LOW HITPOINT WARNING * * *
You hit Ijyb but do no damage.
Ijyb is severely wounded.
Ijyb zaps a wand.
The bolt of dispelling energy hits you!
You die...

#....#.# #####+####...
####.#.+ ##.. #####.#.#
##. #.....#.# ##
####.#####.# # #.##.#
#.# ###.##.# #.#####+##
###......#####.........
#.............#@######
#.#....######.#g.......
#.#.#.## #.#.#######
#.###.# #...# #.....#
##### #####.# #.# ###


You could see Ijyb (poisoned).

Vanquished Creatures
  Sigmund (D:2)
  3 gnolls
  2 adders (D:2)
  An ufetubus (D:3)
  A worm (D:2)
  2 dart slugs (D:1)
  6 ball pythons
  5 endoplasms
  2 giant cockroaches
  2 goblins (D:1)
  3 hobgoblins
  4 jackals (D:3)
  4 quokkas
  4 bats
  A frilled lizard (D:1)
  4 kobolds
  8 rats
53 creatures vanquished.

Notes
Turn   | Place    | Note
-------+----------+-------------------------------------------
     0 | D:1      | ryw the Mummy Fighter began the quest for the Orb.
     0 | D:1      | Reached XP level 1. HP: 18/18 MP: 1/1
    41 | D:1      | Got the Papyrus of Snow and Execration
   111 | D:1      | Reached skill level 2 in Maces & Flails
   128 | D:1      | Reached XP level 2. HP: 24/24 MP: 2/2
   564 | D:1      | Gained mutation: You are in touch with the powers of death.
                  | [Mummy growth]
   564 | D:1      | Reached XP level 3. HP: 29/29 MP: 3/3
   639 | D:1      | Reached skill level 3 in Maces & Flails
   822 | D:2      | Found a faded altar of an unknown god.
   823 | D:2      | You fall into a shaft and drop 1 floor!
  1086 | D:2      | Noticed Sigmund
  1102 | D:2      | Killed Sigmund
  1103 | D:2      | Reached skill level 4 in Maces & Flails
  1103 | D:2      | Reached XP level 4. HP: 13/37 MP: 4/4
  1103 | D:2      | Reached XP level 5. HP: 15/42 MP: 5/5
  1427 | D:2      | Found a runed translucent door.
  1428 | D:2      | Noticed Crazy Yiuf
  2268 | D:2      | Reached XP level 6. HP: 38/48 MP: 6/6
  2401 | D:3      | Noticed Ijyb
  2415 | D:3      | Killed from afar by Ijyb

Illustrated notes

Levels and vault maps discovered:
D:1:      zelgadis_glass_arrival_small, layout_basic
D:2:      layout_rooms, ebering_ecumenical_altar_webs, uniq_sigmund,
          uniq_crazy_yiuf_cottage
D:3:      layout_basic, minmay_quadrilaterals, uniq_ijyb

Skill      XL: |  1  2  3 |
---------------+----------+-----
Maces & Flails | 2 4 |  4.4
Armour         | 3 |  3.1
Fighting       | |  3.8
Ranged Weapons | |  0.1
Shields        | |  2.4

Action                     |  1- 3 |  4- 6 || total
---------------------------+-------+-------++-------
  Melee: Flail             |   114 |    62 ||   176
   Fire: Sling             |       |     1 ||     1
  Throw: Dart              |       |     2 ||     2
    Use: Scroll            |       |     5 ||     5
 Armour: Scale mail        |    45 |    32 ||    77
  Dodge: Dodged            |    47 |    37 ||    84
  Block: Buckler           |    24 |    13 ||    37

Table legend: (Time is in decaauts)
 A = Elapsed time spent in this place.
 B = Non-inter-level travel time spent in this place.
 C = Inter-level travel time spent in this place.
 D = Time resting spent in this place.
 E = Time spent auto-exploring this place.
 F = Levels seen in this place.
 G = Mean time per level.
                   A        B        C        D        E       F      G
               +--------+--------+--------+--------+--------+-----+--------+
         Total |   2463 |   2343 |    120 |    178 |   1614 |   3 |  821.0 |
       Dungeon |   2463 |   2343 |    120 |    178 |   1614 |   3 |  821.0 |
               +--------+--------+--------+--------+--------+-----+--------+

Top non-repeatable levels by time:
     D:3: 924 daAuts
     D:2: 800 daAuts
     D:1: 738 daAuts
